 Dungeon Crawl Stone Soup version 0.24.0-13-gcf9b3192b9 (webtiles) character file.

Game seed: 17360949857902181146, levelgen mode: deterministic

134 Esekla the Sneak (level 5, -10/42 HPs)
             Began as a Formicid Assassin on Nov 8, 2019.
             Mangled by a gnoll
             ... wielding a +0 scythe
              (16 damage)
             ... on level 2 of the Dungeon.
             The game lasted 00:13:03 (2231 turns).

Esekla the Sneak (Formicid Assassin)                Turns: 2231, Time: 00:13:03

Health: -10/42     AC:  4    Str: 17    XL:     5   Next: 40%
Magic:  5/5        EV: 12    Int: 10    God:
Gold:   112        SH:  0    Dex: 12    Spells: 4/4 levels left

rFire    . . .     SeeInvis +   n - +1 short sword (venom)
rCold    . . .     Gourm    .   (no shield)
rNeg     . . .     Faith    .   b - +0 robe
rPois    .         Spirit   .   (helmet unavailable)
rElec    .         Reflect  .   c - +0 cloak
rCorr    .         Harm     .   (no gloves)
MR       .....                  p - +0 pair of boots
Stlth    +++.......             (no amulet)
HPRegen  0.14/turn              (no ring)
MPRegen  0.09/turn              (no ring)

@: no status effects
A: permanent stasis, dig shafts and tunnels, four strong arms, antennae 3
a: Dig, Shaft Self


You were on level 2 of the Dungeon.
You were very hungry.

You visited 1 branch of the dungeon, and saw 3 of its levels.

You collected 112 gold pieces.

Inventory:

Hand Weapons
 a - a +2 dagger
 n - a +1 short sword of venom (weapon)
Missiles
 d - 3 poisoned darts (quivered)
 e - 2 curare-tipped darts
Armour
 b - a +0 robe (worn)
 c - a +0 cloak (worn)
 p - a +0 pair of boots (worn)
Scrolls
 g - 4 scrolls of identify {unknown}
 h - 3 scrolls of teleportation {unknown}
 k - 2 scrolls of enchant armour {unknown}
 l - a scroll of blinking {unknown}
 m - 2 scrolls of remove curse {unknown}
 q - a scroll of noise {unknown}
 r - 2 scrolls of enchant weapon {unknown}
 s - a scroll of magic mapping {unknown}
Potions
 i - 2 potions of curing {unknown}
 j - a potion of resistance {unknown}
 o - a potion of might {unknown}
 t - a potion of heal wounds {unknown}
Comestibles
 f - 7 rations


   Skills:
 * Level 4.0 Fighting
 + Level 3.6 Short Blades
 - Level 2.0 Throwing
 + Level 1.9 Dodging
 - Level 4.8 Stealth


You had 4 spell levels left.
You didn't know any spells.
Your spell library was empty.

Dungeon Overview and Level Annotations

Branches:
Dungeon (3/15)

Altars:
Trog

Annotations:
D:3 Jessica


Innate Abilities, Weirdness & Mutations

You cannot be hasted, slowed, berserked, paralysed or teleported.
You can dig through walls and to a lower floor.
Your four strong arms can wield two-handed weapons with a shield.
You have a pair of large antennae on your head. (SInv)


Message History

Jessica shouts, "I don't like beings like you!"
The gnoll hits you with a +0 scythe!
There is a stone staircase leading up, spattered with blood here.
Items here: ))) [ †† You climb upwards.
There is a stone staircase leading down here.
You hit the gnoll but do no damage.
The gnoll is severely wounded.
The gnoll misses you.
You barely miss the gnoll.
The gnoll is severely wounded.
The gnoll hits you with a +0 scythe!
* * * LOW HITPOINT WARNING * * *
Okay, then.
You hit the gnoll but do no damage.
The gnoll is severely wounded.
You barely miss the gnoll.
The gnoll is severely wounded.
The gnoll hits you with a +0 scythe!
You die...

.####........# #)..
......######.# #.._
.###..######.############ #).. .#
#...........<........#######.. .#
##.#########.#######......##.. .#
#.# #.# #######.##) .# #.# ##.##
#.### .# ##.########...##### #.#
.###............@....# #.#
.............#..g###.# #.###
......######.##.## #.########....
##.#### #.##.# #..........<..
##.# #.##.#############.### ##.#
#.#.#.##.......)...... ##.##
#..###.#..##...#....## #.#.##
###>#.##.###..÷#....#
.###.##########.###.###..##....##


You could see a gnoll.

Vanquished Creatures
  An orc wizard (D:3)
  2 gnolls (D:3)
  2 adders
  2 worms (D:2)
  2 dart slugs
  A leopard gecko (D:1)
  3 orcs (D:3)
  A ball python (D:2)
  8 bats
  A giant cockroach (D:1)
  A goblin (D:1)
  8 hobgoblins
  6 jackals
  7 kobolds
  A quokka (D:2)
  A frilled lizard (D:1)
  10 rats
57 creatures vanquished.

Vanquished Creatures (others)
  7 toadstools (D:3)
7 creatures vanquished.

Grand Total: 64 creatures vanquished

Notes
Turn   | Place    | Note
-------+----------+-------------------------------------------
     0 | D:1      | Esekla the Formicid Assassin began the quest for the Orb.
     0 | D:1      | Reached XP level 1. HP: 16/16 MP: 1/1
   117 | D:1      | Reached skill level 1 in Dodging
   117 | D:1      | Reached XP level 2. HP: 7/23 MP: 2/2
   843 | D:1      | Reached XP level 3. HP: 29/29 MP: 3/3
  1350 | D:2      | Reached XP level 4. HP: 19/35 MP: 4/4
  1564 | D:2      | Noticed a moth of wrath
  1566 | D:2      | Found a bloodstained altar of Trog.
  2020 | D:3      | Reached XP level 5. HP: 25/42 MP: 5/5
  2192 | D:3      | Noticed Jessica
  2231 | D:2      | Mangled by a gnoll

Levels and vault maps discovered:
D:1:      beargit_arrival_greenhouse, layout_basic
D:2:      minmay_recursive_quarters, layout_loops_ring, first_ration, tgw_trog
D:3:      cheibrodos_fertilizer, layout_loops_ring,
          nicolae_overflow_hidden_temple, hangedman_decor_points, uniq_jessica

Skill      XL: |  1  2  3  4  5 |
---------------+----------------+-----
Dodging        | 1 |  1.9
Fighting       | 3 4 |  4.0
Short Blades   | 3 |  3.6
Throwing       | |  2.0
Stealth        | |  4.8

Action                   |  1- 3 |  4- 6 || total
-------------------------+-------+-------++-------
Melee: Dagger            |    75 |       ||    75
       Short sword       |    31 |    57 ||    88
Throw: Dart              |     9 |    10 ||    19
 Stab: Sleeping          |     6 |     2 ||     8
       Distracted        |     1 |       ||     1
  Eat: Chunk             |     1 |     2 ||     3
Armor: Robe              |    26 |     7 ||    33
Dodge: Dodged            |    54 |    43 ||    97
